 Dungeon Crawl Stone Soup version 0.26.1-12-g5ba1501909 (webtiles) character file.

Game seed: 8598179381713109718

97 Zeld the Conjurer (level 4, 0/35 HPs)
             Began as a Draconian Conjurer on Nov 1, 2021.
             Slain by an adder (4 damage)
             ... on level 1 of the Dungeon.
             The game lasted 00:02:32 (1600 turns).

Zeld the Conjurer (Draconian Conjurer)              Turns: 1600, Time: 00:02:32

Health: 0/35       AC:  5    Str:  9    XL:     4   Next: 42%
Magic:  0/7        EV: 12    Int: 20    God:
Gold:   29         SH:  0    Dex:  9    Spells: 0/7 levels left

rFire    . . .     SeeInvis .   (no weapon)
rCold    . . .     Faith    .   (no shield)
rNeg     . . .     Spirit   .   (armour unavailable)
rPois    .         Reflect  .   (helmet restricted)
rElec    .         Harm     .   (no cloak)
rCorr    .         Rampage  .   (no gloves)
Will     .....                  (no boots)
Stlth    ++........             (no amulet)
HPRegen  0.11/turn              (no ring)
MPRegen  0.10/turn              (no ring)

@: lethally poisoned (0 -> -1)
A: unfitting armour, cold-blooded, AC +5
a: no special abilities


You were on level 1 of the Dungeon.
You visited 1 branch of the dungeon, and saw 2 of its levels.

You collected 29 gold pieces.

Inventory:

Jewellery
 d - an uncursed ring of willpower {unknown}
Scrolls
 c - a scroll of remove curse {unknown}
 e - a scroll of magic mapping {unknown}
Potions
 a - a potion of berserk rage {unknown}
 b - 2 potions of curing {unknown}


   Skills:
 + Level 1.4 Fighting
 + Level 2.3 Dodging
 + Level 2.4 Stealth
 + Level 2.4 Spellcasting
 * Level 4.7 Conjurations
 + Level 0.0 Hexes


You couldn't memorise any spells.
You knew the following spells:

 Your Spells              Type           Power        Failure   Level
a - Magic Dart            Conj           84%          2%          1
b - Searing Ray           Conj           42%          3%          2
c - Fulminant Prism       Conj/Hex       6%           50%         4

Your spell library contained the following spells:

 Spells                   Type           Power        Failure   Level
 Dazzling Flash           Conj/Hex       24%          17%         3
 Iskenderun's Mystic Bla  Conj/Tloc      12%          50%         4


Dungeon Overview and Level Annotations

Branches:
Dungeon (2/15)

Altars:
Ashenzari


Innate Abilities, Weirdness & Mutations

Your plain brown scales are hard. (AC +5)
You cannot fit into any form of body armour.
You are cold-blooded and may be slowed by cold attacks.


Message History

You are poisoned.
The adder poisons you!
You climb upwards.
You feel sick.
There is a stone staircase leading down here.
Casting: Magic Dart (safe; 2% risk of failure)
Confirm with . or Enter, or press ? or * to list all spells.
Aiming: Searing Ray (safe; 3% risk of failure)
Press: ? - help, Shift-Dir - straight line, f - adder
Aim: an adder (37% to evade)
The searing ray hits the adder.
The adder is heavily wounded. (Press . to maintain the ray.)
The adder misses you.
You barely miss the adder.
The adder is heavily wounded.
The adder closely misses you.
You hit the adder.
The adder is severely wounded.
You feel sick. The adder bites you.
You die...

##..##.....##.#......
######...##..###..#.
#.##'##....).....
#..........#####)
##..........#...#.
#...........#.....
#........####...##
#........#⌠.#.+#..
#@.......#..[.....
#.S...##.##...."..
#.....#...#.......
#.....#...'..._...
####......#.......
#..##.##.......
#.....#........
#....)#⌠..#+##.
###...####...#.


You could see an adder.

Vanquished Creatures
  A scorpion (D:2)
  An ooze (D:1)
  A worm (D:2)
  A dart slug (D:2)
  A leopard gecko (D:2)
  2 bats (D:1)
  2 giant cockroaches (D:1)
  7 hobgoblins
  6 jackals (D:1)
  A kobold (D:1)
  2 ball pythons
  2 frilled lizards
  3 goblins (D:1)
  4 rats (D:1)
34 creatures vanquished.

Notes
Turn   | Place    | Note
-------+----------+-------------------------------------------
     0 | D:1      | Zeld the Draconian Conjurer began the quest for the Orb.
     0 | D:1      | Reached XP level 1. HP: 14/14 MP: 3/3
   133 | D:1      | Found a broken altar of Ashenzari.
   282 | D:1      | Reached XP level 2. HP: 22/22 MP: 1/5
   810 | D:1      | HP: 1/22 [rat (3)]
   821 | D:1      | Learned a level 2 spell: Searing Ray
  1149 | D:1      | Reached XP level 3. HP: 27/27 MP: 0/6
  1417 | D:2      | Noticed a scorpion
  1422 | D:2      | Killed a scorpion
  1423 | D:2      | Reached skill level 1 in Fighting
  1423 | D:2      | Reached XP level 4. HP: 35/35 MP: 0/7
  1496 | D:2      | Learned a level 4 spell: Fulminant Prism
  1600 | D:1      | Slain by an adder

Illustrated notes

Levels and vault maps discovered:
D:1:      dpeg_arrival_concentric_ovals, layout_basic, dk_noncrumbling_3,
          evilmike_ruin_ashenzari
D:2:      layout_rooms

Skill      XL: |  1  2  3 |
---------------+----------+-----
Stealth        | 2 |  2.4
Dodging        | 2 |  2.3
Fighting       | 1 |  1.4
Spellcasting   | |  2.4
Conjurations   | |  4.7

Action                   |  1- 3 |  4- 6 || total
-------------------------+-------+-------++-------
Melee: Unarmed           |    62 |    19 ||    81
       Tailslap          |     5 |     2 ||     7
 Cast: Magic Dart        |    55 |    10 ||    65
       Searing Ray       |     1 |     2 ||     3
 Stab: Sleeping          |     1 |     1 ||     2
Armor: Skin              |    27 |    15 ||    42
Dodge: Dodged            |    49 |    19 ||    68
